 Dungeon Crawl Stone Soup version 0.31-a0-925-g0a390f2509 (console) character file.

Game seed: 7118020674462807799

70240 petzl the Destroyer (level 15, -6/89 (113) HPs)
             Began as a Formicid Delver on Oct 18, 2023.
             Was an Elder of Vehumet.
             Killed from afar by Josephine (30 damage)
             ... with a ghostly fireball
             ... on level 12 of the Dungeon on Oct 19, 2023.
             The game lasted 02:39:20 (26871 turns).

petzl the Destroyer (Formicid Delver)              Turns: 26871, Time: 02:39:27

HP:   -6/89 (113)   AC:  8    Str: 21    XL:     15   Next: 77%
MP:   11/32         EV: 14    Int: 25    God:    Vehumet [****..]
Gold: 1274          SH:  6    Dex: 15    Spells: 3/40 levels left

rFire   . . .        e - +0 demon whip (venom)
rCold   . . .        A - +0 buckler
rNeg    . . .        K - +1 robe of the Dice {+Blink Regen+ Str+2 Int+4}
rPois   +            (helmet unavailable)
rElec   .            l - +2 cloak
rCorr   .            j - +0 pair of gloves
SInv    +            P - +0 pair of boots
Will    +....        M - amulet of the acrobat
Stlth   +++          s - +6 ring of intelligence
HPRegen 1.14/turn    g - ring of poison resistance
MPRegen 0.23/turn

%: acrobat
@: lethally poisoned (-6 -> -8), heavily drained
A: permanent stasis, dig shafts and tunnels, antennae 3, four strong arms
a: Dig, Shaft Self, Renounce Religion


You were on level 12 of the Dungeon.
You worshipped Vehumet.
Vehumet was greatly pleased with you.
You visited 3 branches of the dungeon, and saw 21 of its levels.
You also visited: Ice Cave and Volcano.

You collected 2242 gold pieces.
You spent 968 gold pieces at shops.

Inventory:

Hand Weapons
 a - the +12 falchion "Pendulum" {holy, rF+ rC- rN++ rCorr}
   (You found it on level 11 of the Dungeon)

   rF+:       It protects you from fire.
   rC-:       It makes you vulnerable to cold.
   rN++:      It greatly protects you from negative energy.
   rCorr:     It protects you from acid and corrosion.
 b - a +4 orcbow of chaos
 c - a +0 mace of protection
 e - a +0 demon whip of venom (weapon)
 u - the +3 battleaxe of Cobwebs {pain, MP+9, !f =f}
   (You found it in an ice cave)

   MP+9:      It affects your magic capacity (+9).
 X - a +2 arbalest of freezing
 Z - the +8 trident "Jeuffimp" {drain, *Slow rElec rC+ Str+3}
   (You found it on level 5 of the Lair of Beasts)

   Str+3:     It affects your strength (+3).
   rC+:       It protects you from cold.
   rElec:     It insulates you from electricity.
   *Slow:     It may slow you when you take damage.
Missiles
 p - 52 poisoned darts (quivered)
 O - 7 curare-tipped darts
Armour
 j - a +0 pair of gloves (worn)
 l - a +2 cloak (worn)
 A - a +0 buckler (worn)
 K - the +1 robe of the Dice (worn) {+Blink Regen+ Str+2 Int+4}
   (You found it on level 6 of the Dungeon)

   Str+2:     It affects your strength (+2).
   Int+4:     It affects your intelligence (+4).
   +Blink:    It lets you blink.
   Regen+:    It increases your rate of health regeneration.
 P - a +0 pair of boots (worn)
Jewellery
 g - a ring of poison resistance (right hand)
 s - a +6 ring of intelligence (left hand)
 z - a ring of willpower
 C - a +6 ring of dexterity
 M - an amulet of the acrobat (around neck)
 V - a +4 ring of protection
Wands
 v - a wand of mindburst (12)
 x - a wand of paralysis (1)
 y - a wand of polymorph (3)
 H - a wand of light (4)
 N - a wand of digging (12)
Scrolls
 B - a scroll of torment
 E - 2 scrolls of poison
 T - a scroll of silence
Potions
 n - a potion of ambrosia {unknown}
 o - 8 potions of curing
 r - a potion of attraction {unknown}
 w - 2 potions of degeneration {unknown}
 D - a potion of heal wounds
 G - a potion of brilliance
 I - a potion of enlightenment {unknown}
 L - 3 potions of cancellation
 S - a potion of magic
 U - 2 potions of lignification


   Skills:
 + Level 9.0 Fighting
 - Level 2.0 Maces & Flails
 - Level 4.0 Ranged Weapons
 + Level 2.0 Armour
 + Level 5.0 Dodging
 + Level 6.0 Stealth
 + Level 6.1 Shields
 + Level 13.0 Spellcasting
 + Level 13.0 Conjurations
 + Level 0.0 Necromancy
 + Level 0.1 Translocations
 + Level 0.0 Transmutations
 * Level 10.0 Fire Magic
 - Level 8.0 Ice Magic
 - Level 6.0 Air Magic
 - Level 6.0 Poison Magic
 - Level 2.0 Evocations


You had 3 spell levels left.
You knew the following spells:

 Your Spells              Type           Power      Damage    Failure   Level
a - Fireball              Conj/Fire      32%        3d14      1%          5
b - Iskenderun's Mystic   Conj/Tloc      49%        2d11      1%          4
c - Plasma Beam           Fire/Air       27%        2x1d39    7%          6
l - Freezing Cloud        Conj/Ice/Air   28%        6-21      1%          5
m - Mephitic Cloud        Conj/Pois/Air  55%        N/A       1%          3
o - Orb of Destruction    Conj           34%        9d10      4%          7
I - Ignite Poison         Fire/Tmut/Pois 43%        N/A       1%          3
T - Olgreb's Toxic Radia  Pois           46%        N/A       1%          4

Your spell library contained the following spells:

 Spells                   Type           Power      Damage    Failure   Level
 Eringya's Noxious Bog    Tmut/Pois      15%        4d6       41%         6
 Magic Dart               Conj           100%       1d8       0%          1
 Foxfire                  Conj/Fire      100%       2x1d9     1%          1
 Sting                    Tmut/Pois      100%       1d8       1%          1
 Cigotuvi's Dreadful Rot  Necr/Pois/Air  72%        N/A       1%          2
 Momentum Strike          Conj/Tloc      98%        3d10      1%          2
 Poisonous Vapours        Pois/Air       92%        N/A       1%          2
 Static Discharge         Conj/Air       100%       2-7/arc   1%          2
 Apportation              Tloc           34%        N/A       4%          1
 Slow                     Hex            64%        N/A       4%          1
 Call Imp                 Summ           32%        N/A       6%          2
 Jinxbite                 Hex            32%        N/A       6%          2
 Lesser Beckoning         Tloc           34%        N/A       6%          2
 Confusing Touch          Hex            16%        N/A       13%         3
 Sigil of Binding         Hex            16%        N/A       13%         3
 Tukima's Dance           Hex            16%        N/A       13%         3
 Vampiric Draining        Necr           16%        2d7       13%         3
 Airstrike                Air            23%        2d(4-20)  1%          4
 Brom's Barrelling Bould  Conj/Erth      48%        2d7       1%          4
 Arcjolt                  Conj/Air       29%        1d39      1%          5
 Iskenderun's Battlesphe  Conj           69%        2d12      1%          5
 Starburst                Conj/Fire      32%        6d10      1%          6
 Conjure Ball Lightning   Conj/Air       29%        3x3d8     3%          6
 Summon Lightning Spire   Summ/Air       31%        N/A       12%         4
 Ozocubu's Refrigeration  Ice            27%        4d13      32%         7
 Alistair's Intoxication  Tmut/Pois      20%        N/A       34%         5
 Cause Fear               Hex            8%         N/A       38%         4
 Dimensional Bullseye     Hex/Tloc       8%         N/A       38%         4
 Simulacrum               Ice/Necr       18%        N/A       77%         6
 Dragon's Call            Summ           8%         N/A       100%        9
 Polar Vortex             Ice            27%        12d3*     100%        9
 Blink                    Tloc           Unusable   N/A       N/A         2
 Vhi's Electric Charge    Tloc/Air       Unusable   N/A       N/A         4

Dungeon Overview and Level Annotations

Branches:
Dungeon (15/15)            Temple (1/1) D:4            Lair (5/5) D:8
  Swamp (0/4) Lair:3        Snake (0/4) Lair:3        Slime (0/5) Lair:4
    Orc (0/2) D:12         Depths (0/4) D:15          IceCv (visited)
Volcano (visited)
 Vaults: D:13-14

Altars:
Ashenzari
Cheibriados
Dithmenos
Elyvilon
Fedhas
Gozag
Hepliaklqana
Kikubaaqudgha
Makhleb
Nemelex Xobeh
Okawaru
Qazlal
Ru
Sif Muna
Trog
Uskayaw
Vehumet
Wu Jian
Xom
Yredelemnul
Zin
The Shining One
Jiyva

Shops:
D:2 :   D:4 (   D:7 =   D:8 (   D:9 [

Annotations:
D:9 exclusion: orange crystal statue
D:11 exclusion: 2 downstairs
D:12 Azrael; Josephine
D:13 1 transporter, exclusions: orange crystal statue and upstairs
Lair:1 2 transporters, exclusion: ice statue, Ruinkeog's ghost, journeyman MiFi


Innate Abilities, Weirdness & Mutations

You cannot be hasted, slowed, berserked, paralysed or teleported.
You can dig through walls and to a lower floor.
You have a pair of large antennae on your head. (SInv)
Your four strong arms can wield two-handed weapons with a shield.


Message History

You feel sick.
Josephine hits you with a +0 dagger of venom!
You hit Josephine.
Josephine is poisoned.
Josephine is lightly wounded.
You feel sick.
Josephine hits you with a +0 dagger of venom.
You are more poisoned.
You closely miss Josephine.
Josephine is lightly wounded.
You feel very sick.
Josephine hits you with a +0 dagger of venom.
You are more poisoned.
You whack Josephine!
Josephine looks as sick as possible!
Josephine is lightly wounded.
You feel very sick. You block the wraith's attack.
Josephine casts a spell at you.
The ghostly flame explodes!
The ghostly fireball engulfs you!!
You feel drained.
The ghostly fireball engulfs the wraith.
The wraith completely resists.
The ghostly fireball engulfs Josephine.
Josephine completely resists.
The ghostly fireball engulfs the wraith.
The wraith completely resists.
The wraith misses you.
You feel very sick.
Josephine points at you and mumbles some strange words.
The ghostly flame explodes!
The ghostly fireball engulfs you!!
You feel drained. The wraith attacks as it pursues you! The wraith hits you!
* * * LOW HITPOINT WARNING * * *
The wraith drains your vigour!
Your stasis prevents you from being slowed.
Are you sure you want to shaft yourself?
You feel very sick. The wraith closely misses you.
Josephine gestures at you while chanting.
The ghostly flame explodes!
The ghostly fireball engulfs the wraith.
The wraith completely resists.
The ghostly fireball engulfs Josephine.
Josephine completely resists.
The ghostly fireball engulfs you!!
You feel drained.
You die...

###### .....# >....# #######
(....# #>.##.# ##### #.####
#.....#####...#
....###########.#...........#
..#..............W@######...#
................@.W# ##W##
.................#.# ##{#
...#.............#W######{.#
...#............##....W#..##
...#.###.####..###.##.#.#.#
................###########
...#......###...# ,.e.
.#.........##...# ##.##
................# {###{
..#.#.........#.# ! !
........#.......# { ) ( {
...........#..###. #/ $#
.......##.... .....#.# #
.....#.# ........ ...☼R..##
.#°#.....


You could see Josephine (extremely poisoned) and 3 wraiths.

Vanquished Creatures
  Gastronok (D:10)
  Kirke (D:13)
  An ogre mage (Volcano)
  2 alligators (Lair:4)
  8 hydras
  A catoblepas (Lair:3)
  2 centaur warriors
  6 two-headed ogres
  A merfolk avatar (Lair:5)
  A tengu warrior (D:11)
  5 death yaks (Lair:5)
  Nergalle (D:11)
  A hell knight (Volcano)
  2 skysharks
  Lodul (D:11)
  Amaemon (Lair:1)
  Pikel (D:9)
  A harpy (Lair:5)
  2 orc knights (D:11)
  A lindwurm (Lair:4)
  9 cyclopes
  4 ugly things
  2 manticores
  Joseph (Lair:1)
  5 black mambas
  A cane toad (shapeshifter) (Lair:5)
  9 elephants (Lair:5)
  A gargoyle (D:11)
  A torpor snail (Lair:5)
  3 ice statues (IceCv)
  An orange demon (Lair:1)
  5 rime drakes
  10 cane toads
  An unseen horror (D:12)
  11 komodo dragons
  A yaktaur (D:11)
  4 trolls
  3 polar bears
  Grinder (D:4)
  A wind drake (Lair:5)
  21 blink frogs
  Sigmund (D:2)
  2 shadows
  8 wyverns
  A dire elephant simulacrum (IceCv)
  A vampire (D:9)
  51 yaks
  3 fire elementals
  4 wraiths (D:12)
  2 basilisks (Lair:2)
  A hog (D:13)
  2 humans (D:13)
  A death yak simulacrum (IceCv)
  2 steam dragons
  A harpy simulacrum (IceCv)
  15 vampire mosquitoes
  3 nagas (Lair:3)
  An acid dragon (D:9)
  3 swamp worms (Lair:4)
  A hydra simulacrum (IceCv)
  A hell hound (D:12)
  12 water moccasins
  A swamp drake (Lair:4)
  4 orc warriors
  2 sky beasts
  A black bear (Lair:3)
  5 wolves (Lair:3)
  10 ogres
  2 centaurs
  4 lemures (D:9)
  A phantom (D:6)
  3 kobold brigands
  9 bullfrogs
  2 scorpions (D:6)
  A cane toad simulacrum (IceCv)
  4 wights
  4 killer bees
  10 electric eels
  10 howler monkeys
  3 orc priests
  15 jellies
  4 sleepcaps
  3 iguanas
  12 orc wizards
  3 polar bear simulacra (IceCv)
  2 wolf simulacra (IceCv)
  3 adders
  A shadow imp (D:6)
  2 ufetubi (D:6)
  2 worms
  3 dart slugs
  31 orcs
  6 ball pythons
  3 bats
  2 endoplasms
  A giant cockroach (D:2)
  9 goblins
  3 hobgoblins
  2 jackals (D:4)
  16 kobolds
  3 quokkas
  4 rats
  A spectral hobgoblin (D:8)
  A spectral orc (D:7)
459 creatures vanquished.

Vanquished Creatures (others)
  2 humans (D:13)
  An orc wizard (D:9)
3 creatures vanquished.

Grand Total: 462 creatures vanquished

Notes
Turn   | Place    | Note
-------+----------+-------------------------------------------
     0 | D:5      | petzl the Formicid Delver began the quest for the Orb.
     0 | D:5      | Reached XP level 1. HP: 18/18 MP: 1/1
    27 | D:5      | Found the +18 Lear's hauberk
    88 | D:4      | Identified the +0 ring mail of Wu Jian, Shrinking {rC+}
   170 | D:4      | Noticed a phantom
   303 | D:2      | Reached XP level 2. HP: 24/24 MP: 2/2
   310 | D:2      | Noticed Sigmund
   409 | D:1      | Reached skill level 1 in Ranged Weapons
   633 | D:1      | Reached XP level 3. HP: 29/29 MP: 3/3
  1069 | D:2      | Found Faufiott's Book Shoppe.
  1076 | D:2      | Reached skill level 1 in Armour
  1347 | D:2      | Reached skill level 1 in Evocations
  1887 | D:3      | Found a faded altar of an unknown god.
  2023 | D:3      | Found a stormy altar of Qazlal.
  2410 | D:4      | Noticed Grinder
  2490 | D:4      | Reached skill level 1 in Spellcasting
  2490 | D:4      | Reached XP level 4. HP: 36/36 MP: 5/5
  2974 | D:5      | Noticed an ogre
  3035 | D:4      | Reached skill level 1 in Shields
  3035 | D:4      | Reached XP level 5. HP: 42/42 MP: 6/6
  3090 | D:4      | Found a staircase to the Ecumenical Temple.
  3098 | Temple   | Entered the Ecumenical Temple
  3230 | D:5      | Noticed a phantom
  3329 | D:1      | You fall into a shaft and drop 1 floor!
  3382 | D:2      | Killed Sigmund
  3383 | D:2      | Reached XP level 6. HP: 42/48 MP: 7/9
  3507 | D:4      | Killed Grinder
  3508 | D:4      | Reached XP level 7. HP: 37/55 MP: 10/10
  3579 | D:4      | Found Qoboyj's Antique Weapon Boutique.
  3601 | D:4      | Bought a glowing war axe for 136 gold pieces
  3774 | D:5      | Reached skill level 5 in Fighting
  4073 | D:6      | Reached XP level 8. HP: 54/62 MP: 12/12
  4156 | D:6      | Found a sacrificial altar of Ru.
  4249 | D:6      | Reached skill level 5 in Shields
  4315 | D:6      | You fall into a shaft and drop 1 floor!
  4866 | D:7      | Found Qodeon's Jewellery Boutique.
  4904 | D:8      | Found a staircase to the Lair.
  4929 | D:8      | Noticed a wyvern
  4930 | D:8      | Learned a level 3 spell: Mephitic Cloud
  5058 | D:6      | Reached skill level 1 in Conjurations
  5058 | D:6      | Reached skill level 1 in Poison Magic
  5186 | D:6      | Identified the +1 robe of the Dice {+Blink Regen+ Str+2
                  | Int+4}
  5268 | D:6      | Reached skill level 5 in Spellcasting
  5268 | D:6      | Reached skill level 1 in Air Magic
  5268 | D:6      | Reached XP level 9. HP: 62/68 MP: 16/16
  5896 | D:7      | Found a glowing golden altar of the Shining One.
  6684 | D:7      | Found a basalt altar of Yredelemnul.
  6877 | D:8      | Found Simeid's Antique Weapon Shoppe.
  7024 | D:7      | Bought a ring of poison resistance for 260 gold pieces
  7076 | D:9      | Learned a level 3 spell: Ignite Poison
  7082 | D:9      | Learned a level 5 spell: Freezing Cloud
  7535 | D:8      | Reached skill level 1 in Ice Magic
  7554 | D:8      | Noticed a +0 dagger
  7555 | D:8      | Noticed a +0 dagger
  7558 | D:8      | Found a hide-covered altar of Uskayaw.
  7618 | D:8      | Found a hazy altar of Hepliaklqana.
  7792 | D:8      | Reached XP level 10. HP: 65/74 MP: 10/19
  7965 | D:8      | Found an ornate altar of the Wu Jian Council.
  7965 | D:8      | Found a radiant altar of Vehumet.
  7970 | D:8      | Became a worshipper of Vehumet
  8201 | D:9      | Found a white marble altar of Elyvilon.
  8275 | D:9      | Reached skill level 5 in Conjurations
  8275 | D:9      | Reached skill level 5 in Poison Magic
  8489 | D:9      | Found Zopt's Antique Armour Shop.
  8733 | D:9      | Found a glowing silver altar of Zin.
  8913 | D:9      | Noticed an orange crystal statue
  8943 | D:9      | Reached * piety under Vehumet
  8943 | D:9      | Offered knowledge of Freeze by Vehumet.
  9394 | D:9      | Noticed Pikel
  9419 | D:9      | Killed Pikel
  9420 | D:9      | Reached skill level 5 in Ice Magic
  9420 | D:9      | Reached XP level 11. HP: 65/79 MP: 15/21
  9579 | D:10     | Entered Level 10 of the Dungeon
  9588 | D:10     | Learned a level 5 spell: Fireball
  9690 | D:10     | Noticed Gastronok
  9807 | D:10     | Noticed a two-headed ogre
 10268 | D:10     | Found a shadowy altar of Dithmenos.
 10303 | D:10     | Found a sparkling altar of Nemelex Xobeh.
 10513 | D:11     | Noticed a cyclops
 10572 | D:11     | Noticed a cyclops
 10572 | D:11     | Noticed a boulder beetle
 10626 | D:11     | Noticed a cyclops
 10640 | D:11     | Killed a cyclops
 10839 | D:11     | Noticed Nergalle
 10844 | D:11     | Killed Nergalle
 11138 | D:11     | Noticed Lodul
 11155 | D:11     | Killed Lodul
 11778 | D:11     | Noticed a red ugly thing
 11783 | D:11     | Killed a red ugly thing
 11793 | D:11     | Noticed an orc knight
 11802 | D:11     | Noticed an orc knight
 11809 | D:11     | Killed an orc knight
 11810 | D:11     | Reached skill level 5 in Air Magic
 11814 | D:11     | Killed an orc knight
 11815 | D:11     | Reached XP level 12. HP: 38/86 MP: 4/23
 12000 | D:11     | Identified the +12 falchion "Pendulum" {holy, rF+ rC- rN++
                  | rCorr}
 12292 | D:11     | Noticed a tengu warrior
 12304 | D:11     | Killed a tengu warrior
 12392 | D:11     | Noticed a centaur warrior
 12400 | D:11     | You fall into a shaft and drop 2 floors!
 12584 | D:13     | Noticed a boulder beetle
 12607 | D:13     | You fall into a shaft and drop 2 floors!
 12607 | D:15     | Entered Level 15 of the Dungeon
 12615 | D:15     | Noticed a skeletal warrior
 12616 | D:15     | Noticed a death knight
 12618 | D:15     | Noticed a skeletal warrior
 12631 | D:15     | Noticed a rakshasa
 12632 | D:15     | Noticed a skeletal warrior
 13377 | D:13     | Found a transporter.
 13377 | D:13     | Noticed a yaktaur captain
 13384 | D:13     | Noticed a centaur warrior
 13432 | D:13     | Learned a level 7 spell: Orb of Destruction
 13462 | D:13     | Noticed a centaur warrior
 13469 | D:13     | Killed a centaur warrior
 13566 | D:12     | Noticed Azrael
 13574 | D:13     | Reached ** piety under Vehumet
 13574 | D:13     | Offered knowledge of Sandblast by Vehumet.
 13886 | D:13     | Noticed Kirke
 13984 | D:13     | Noticed a sphinx
 13984 | D:13     | Killed Kirke
 14244 | D:12     | Reached skill level 10 in Conjurations
 15055 | D:13     | Reached skill level 10 in Spellcasting
 15249 | D:12     | Reached XP level 13. HP: 91/91 MP: 16/27
 15425 | D:11     | Killed a centaur warrior
 16086 | D:10     | Killed Gastronok
 16257 | D:10     | Found an opulent altar of Gozag.
 16259 | D:10     | Found a burning altar of Makhleb.
 16259 | D:10     | Found a shimmering blue altar of Sif Muna.
 16261 | D:10     | Found a glowing silver altar of Zin.
 16261 | D:10     | Found a shimmering altar of Xom.
 16261 | D:10     | Found a basalt altar of Yredelemnul.
 16404 | D:2      | Bought a book of Fire for 352 gold pieces
 16404 | D:2      | Bought a Young Poisoner's Handbook for 220 gold pieces
 16409 | D:2      | Learned a level 4 spell: Olgreb's Toxic Radiance
 16487 | Lair:1   | Entered Level 1 of the Lair of Beasts
 16652 | Lair:1   | Reached skill level 1 in Fire Magic
 16752 | Lair:1   | Noticed Amaemon
 16768 | Lair:1   | Found a frozen archway.
 16774 | IceCv    | Entered an ice cave
 18595 | IceCv    | Offered knowledge of Volatile Blastmotes by Vehumet.
 18609 | IceCv    | Identified the +3 battleaxe of Cobwebs {pain, MP+9}
 18618 | IceCv    | Learned a level 4 spell: Iskenderun's Mystic Blast
 18975 | Lair:1   | Found a transporter.
 18979 | Lair:1   | Noticed Joseph
 18982 | Lair:1   | Noticed Ruinkeog's ghost (journeyman MiFi)
 18987 | Lair:1   | Killed Joseph
 19048 | Lair:1   | Found a transporter.
 19333 | Lair:1   | Killed Amaemon
 19822 | Lair:1   | Reached *** piety under Vehumet
 20236 | Lair:2   | Reached XP level 14. HP: 101/101 MP: 29/29
 20585 | Lair:2   | Offered knowledge of Inner Flame by Vehumet.
 20890 | Lair:2   | Reached skill level 5 in Fire Magic
 21479 | Lair:3   | Reached **** piety under Vehumet
 21777 | Lair:3   | Found a staircase to the Swamp.
 21822 | Lair:3   | Offered knowledge of Flame Wave by Vehumet.
 22080 | Lair:3   | Found a staircase to the Snake Pit.
 22474 | Lair:4   | Found a staircase to the Slime Pits.
 22490 | Lair:4   | Found a viscous altar of Jiyva.
 22537 | Lair:4   | Found a dark tunnel.
 22665 | Volcano  | Entered a volcano
 24193 | Lair:5   | Entered Level 5 of the Lair of Beasts
 24247 | Lair:5   | Reached skill level 5 in Dodging
 24274 | Lair:5   | Reached XP level 15. HP: 112/112 MP: 15/30
 24293 | Lair:5   | Reached ***** piety under Vehumet
 24408 | Lair:5   | Offered knowledge of Eringya's Noxious Bog by Vehumet.
 25805 | Lair:5   | Reached skill level 10 in Fire Magic
 26117 | Lair:5   | Learned a level 6 spell: Plasma Beam
 26188 | Lair:5   | Identified the +8 trident "Jeuffimp" {drain, *Slow rElec
                  | rC+ Str+3}
 26762 | D:12     | Found a staircase to the Orcish Mines.
 26844 | D:12     | Noticed Josephine
 26871 | D:12     | Killed from afar by Josephine

Illustrated notes

Levels and vault maps discovered:
D:1:      evilmike_arrival_hilbert_curve, layout_rooms, nicolae_eternal_life
D:2:      layout_loops_ring, serial_shops, shop, uniq_sigmund
D:3:      layout_loops_ring, mainiacjoe_overflow_six_doors_small,
          hellmonk_ecumenical_altar_pennies_from_heaven
D:4:      layout_basic, minmay_temple_entry_hall, serial_shops,
          nicolae_lakefront_shop, uniq_grinder
D:5:      layout_rooms
D:6:      minmay_razor_zed, layout_basic, nicolae_ru_path_of_blood
D:7:      layout_loops_cross, yredelemnul_forgotten_temple_becter,
          tso_metal_star, serial_shops, shop_coins
D:8:      layout_basic, dancing_weapons_uskayaw, nicolae_overflow_two_pavilions,
          nicolae_hepliaklqana_monster_ancestors, lair_entry_dummy,
          serial_shops, nicolae_shop_tiny_statue_garden
D:9:      layout_irregular_city, mainiacjoe_overflow_small_starburst,
          elyvilon_altar_5, serial_shops, shop_fountains, minivault_16,
          uniq_pikel
D:10:     layout_roguey, mainiacjoe_overflow_tiny_flanked,
          kennysheep_little_box, doesnt_xom_only_xom, uniq_gastronok
D:11:     minmay_tri_box, layout_loops_corners, uniq_nergalle, uniq_lodul
D:12:     layout_rooms, orc_0_dummy, minmay_hidden_floor, uniq_josephine,
          uniq_sonja, uniq_azrael
D:13:     gammafunk_sealed_arena, layout_gridville,
          grunt_vaults_entry_fortified, minmay_stone_trees_small,
          kennysheep_dice, uniq_kirke
D:14:     layout_basic, gammafunk_ghost_smash, kennysheep_nub
D:15:     hellmonk_depths_entry_around_the_bend, layout_cave_pools,
          chequers_avenue, gammafunk_ghost_split
Temple:   nicolae_temple_figure_zero
Lair:1:   layout_cellular_growth, nzn_ghost_randoct, portal_ice_cave_rime,
          grunt_megastairs_5, uniq_amaemon, uniq_joseph
Lair:2:   layout_cave_pods, grunt_megastairs_2, infiniplex_staircase_pool_2
Lair:3:   layout_roguey, minmay_swamp_entry_eels, guppyfry_snake_entry_garden,
          chequers_serial_rivers_micro_b, minivault_24,
          nicolae_lair_grazing_beasts [nicolae_sub_lair_graze_edge,
          nicolae_sub_lair_graze_edge, nicolae_sub_lair_graze_edge,
          nicolae_sub_lair_graze_edge], serial_bayou_shore_a,
          infiniplex_staircase_pool
Lair:4:   onia_ninara_swampy_vault, layout_gridlike,
          minmay_slime_entry_jelly_boxes, nicolae_volcano_entry_vermiform
Lair:5:   gammafunk_lair_ancient_temple, layout_regular_city

Skill      XL: |  1  2  3  4  5  6  7  8  9 10 11 12 13 14 15 |
---------------+----------------------------------------------+-----
Ranged Weapons | 1 2 3 4 |  4.0
Armour         | 1 2 |  2.0
Dodging        | 2 3 5 |  5.0
Evocations     | 1 2 |  2.0
Spellcasting   | 1 2 3 5 6 7 10 11 13 | 13.0
Shields        | 1 2 3 6 |  6.1
Fighting       | 4 5 6 8 9 |  9.0
Conjurations   | 1 4 6 8 10 11 12 13 | 13.0
Poison Magic   | 1 4 6 |  6.0
Air Magic      | 1 2 4 5 6 |  6.0
Ice Magic      | 1 5 7 8 |  8.0
Fire Magic     | 4 7 10 | 10.0
Maces & Flails | |  2.0
Stealth        | |  6.0
Translocations | |  0.1

Action                     |  1- 3 |  4- 6 |  7- 9 | 10-12 | 13-15 || total
---------------------------+-------+-------+-------+-------+-------++-------
  Melee: Mace              |     9 |    29 |    42 |    39 |     8 ||   127
         Punch             |     1 |       |       |       |       ||     1
         Dagger            |       |    40 |   247 |   155 |     9 ||   451
         War axe           |       |       |    16 |     1 |       ||    17
         Falchion          |       |       |     2 |    12 |    27 ||    41
         Whip              |       |       |       |       |    11 ||    11
         Demon whip        |       |       |       |       |    44 ||    44
   Fire: Orcbow            |    86 |    47 |   178 |   169 |   361 ||   841
  Throw: Dart              |       |       |       |     2 |     5 ||     7
         Throwing net      |       |       |       |     1 |     1 ||     2
   Cast: Mephitic Cloud    |       |       |     4 |    54 |    14 ||    72
         Ignite Poison     |       |       |       |    11 |    12 ||    23
         Freezing Cloud    |       |       |       |    56 |   164 ||   220
         Fireball          |       |       |       |       |    53 ||    53
         Iskenderun's Myst |       |       |       |       |     6 ||     6
         Orb of Destructio |       |       |       |       |    14 ||    14
Ability: Dig               |       |     3 |     1 |     4 |     7 ||    15
         Shaft Self        |       |     1 |     1 |     2 |     1 ||     5
  Evoke: Wand              |       |       |       |     3 |     3 ||     6
    Use: Scroll            |     4 |     1 |     3 |     8 |    14 ||    30
         Potion            |       |       |     2 |     1 |     8 ||    11
   Stab: Confused          |       |       |     1 |    15 |       ||    16
         Sleeping          |       |       |     1 |       |       ||     1
 Armour: Ring mail         |    27 |    61 |       |       |    32 ||   120
         Robe              |       |     5 |   193 |   203 |   149 ||   550
  Dodge: Dodged            |    27 |    55 |   209 |   129 |   128 ||   548
  Block: Buckler           |       |       |    99 |    66 |    65 ||   230

Table legend: (Time is in decaauts)
 A = Elapsed time spent in this place.
 B = Non-inter-level travel time spent in this place.
 C = Inter-level travel time spent in this place.
 D = Time resting spent in this place.
 E = Time spent auto-exploring this place.
 F = Levels seen in this place.
 G = Mean time per level.
                   A        B        C        D        E       F      G
               +--------+--------+--------+--------+--------+-----+--------+
         Total |  27227 |  25382 |   1845 |   8538 |   9319 |  23 | 1183.8 |
       Dungeon |  17017 |  15761 |   1256 |   5073 |   6102 |  15 | 1134.5 |
        Temple |      1 |      1 |      0 |      0 |      0 |   1 |    1.0 |
          Lair |   7880 |   7292 |    588 |   1964 |   3216 |   5 | 1576.0 |
      Ice Cave |   1921 |   1921 |      0 |   1326 |      0 |   1 | 1921.0 |
       Volcano |    407 |    407 |      0 |    173 |      0 |   1 |  407.0 |
               +--------+--------+--------+--------+--------+-----+--------+

Top non-repeatable levels by time:
    D:11: 2526 daAuts
  Lair:5: 2020 daAuts
   IceCv: 1921 daAuts
    D:13: 1871 daAuts
  Lair:4: 1699 daAuts
  Lair:1: 1668 daAuts
     D:6: 1628 daAuts
     D:9: 1582 daAuts
     D:7: 1451 daAuts
    D:10: 1318 daAuts
  Lair:2: 1261 daAuts
  Lair:3: 1230 daAuts
     D:4: 1218 daAuts
     D:8: 1140 daAuts
     D:2: 1016 daAuts
